cohdb
Replays
Latest Replays
All Replays
Popular Replays
Top Player Replays
Match Explorer
How It Works
Community
CoH3 Stats
Reddit
Sign in to upload your games and track your stats! →
Sign in with Steam
Match 41561395
Unlisted
Match 41561395
Overview
Messages
Build Orders
End
Panzerpioneer Squad
250 Light Carrier
Panzerpioneer Squad
Construct Light Support Kompanie
Assault Grenadier Squad
Combat Half-tracks
Panzerjäger Squad
Assault Mechanized Group
Construct Mechanized Kompanie
Selects Panzerjäger Kommand Battlegroup
Selects Tank Busters
Selects Mine Fields
Panzerjäger Squad
2.5-tonne Medical Truck
254 Reconnaissance Tractor
Construct Panzerarmee Kommand
Selects Crew Shock Tactics
Selects Anti-tank Overwatch
Panzer III L Medium Tank
Emergency Repair Kits
Armored Reserves
Panzer IV Assault Group
Walking Stuka Rocket Launcher
Anti-tank Overwatch
Rapid Advance
Vehicle Survival Package
Veteran Squad Leaders
Anti-tank Overwatch
254 Reconnaissance Tractor
Mr.Faraam
Bradare
DaPopeCOH
Görmann Hering [Ger]
0
0
Comments
sign in to comment!
No comments posted yet!